 Dungeon Crawl Stone Soup version 0.24-a0-201-gf205589 (webtiles) character file.

Game seed: 17487218614517135974

989 silenth the Basher (level 8, -1/80 HPs)
             Began as an Ogre Gladiator on Mar 22, 2019.
             Slain by an iguana (11 damage)
             ... on level 6 of the Dungeon.
             The game lasted 00:06:26 (4282 turns).

silenth the Basher (Ogre Gladiator)                 Turns: 4282, Time: 00:06:27

Health: -1/80      AC:  4    Str: 19    XL:     8   Next: 18%
Magic:  8/8        EV: 16    Int:  9    God:
Gold:   326        SH:  0    Dex: 17    Spells: 7/7 levels left

rFire    . . .     SeeInvis .   j - +0 giant club
rCold    . . .     Gourm    .   (shield currently unavailable)
rNeg     . . .     Faith    .   b - +0 robe
rPois    .         Spirit   .   c - +1 hat
rElec    .         Reflect  .   (no cloak)
rCorr    .         Harm     .   (gloves unavailable)
MR       .....     Rnd*Rage +   (boots unavailable)
Stlth    +++.......             (no amulet)
HPRegen  0.63/turn              (no ring)
MPRegen  0.11/turn              (no ring)

@: agile
A: large, unfitting armour, berserk 1, regeneration 1, tough skin 1
a: no special abilities


You were on level 6 of the Dungeon.
You were not hungry.

You visited 1 branch of the dungeon, and saw 6 of its levels.

You collected 326 gold pieces.

Inventory:

Hand Weapons
 a - a +0 flail
 j - a +0 giant club (weapon)
Missiles
 d - 3 throwing nets
 f - 2 tomahawks (quivered)
 g - 8 javelins
 k - 21 poisoned needles
 v - 8 needles of paralysis
Armour
 b - a +0 robe (worn)
 c - a +1 hat (worn)
 s - a +0 shield
Wands
 l - a wand of iceblast (9)
Scrolls
 i - 2 scrolls of identify
 r - a scroll of remove curse
 t - 3 scrolls of teleportation
Potions
 h - 2 potions of invisibility
 m - a potion of ambrosia
 n - 2 potions of lignification
 q - 3 potions of flight
Comestibles
 e - 8 rations


   Skills:
 + Level 5.2 Fighting
 * Level 11.5 Maces & Flails
 - Level 2.0 Throwing
 - Level 2.6 Dodging
 - Level 2.0 Stealth
 - Level 1.1 Shields
 - Level 1.0 Evocations


You had 7 spell levels left.
You didn't know any spells.
Your spell library was empty.

Dungeon Overview and Level Annotations

Branches:
Dungeon (6/15)
 Temple: D:4-7

Altars:
Elyvilon
Ru
Xom
Zin


Innate Abilities, Weirdness & Mutations

You are too large for most types of armour.
You have tough skin. (AC +1)
You tend to lose your temper in combat.
Your natural rate of healing is unusually fast.


Message History

You are too injured to fight recklessly!
You are too injured to fight recklessly!
You hit the iguana.
The iguana is lightly wounded.
The iguana bites you but does no damage.
You sock the iguana!
The iguana is heavily wounded.
The iguana bites you!
You hit the iguana but do no damage.
The iguana is heavily wounded.
The iguana bites you!
* * * LOW HITPOINT WARNING * * *
You closely miss the iguana.
The iguana is heavily wounded.
The iguana bites you.
* * * LOW HITPOINT WARNING * * *
Okay, then.
You feel agile all of a sudden. The iguana bites you!
You die...

..###....## #
##....#
#####...####
###..........###
...............#
................#
.................
#................
#.......@........
##......l../.....
##..............
#....†........#
##.$..........
##.......$...
##........##
##.......#
##.>...##


You could see an iguana.

Vanquished Creatures
  An ice beast (D:6)
  An ogre (D:5)
  2 scorpions
  A crimson imp (D:6)
  A hound (D:4)
  A jelly (D:6)
  3 orc priests
  A centaur skeleton (D:5)
  3 orc wizards
  Jessica (D:2)
  An iguana (D:5)
  3 worker ants
  A killer bee zombie (D:5)
  5 adders
  A shadow imp (D:5)
  2 oozes (D:3)
  An adder zombie (D:5)
  2 adder skeletons (D:5)
  6 worms
  4 dart slugs
  A leopard gecko (D:1)
  23 orcs
  6 bats
  3 giant cockroaches
  9 goblins
  5 hobgoblins
  6 jackals
  7 kobolds
  2 quokkas
  8 frilled lizards
  A jackal zombie (D:5)
  A leopard gecko skeleton (D:6)
  A quokka zombie (D:5)
  9 rats
123 creatures vanquished.

Notes
Turn   | Place    | Note
-------+----------+-------------------------------------------
     0 | D:1      | silenth the Ogre Gladiator began the quest for the Orb.
     0 | D:1      | Reached XP level 1. HP: 22/22 MP: 1/1
    63 | D:1      | Reached skill level 3 in Fighting
    63 | D:1      | Reached skill level 3 in Maces & Flails
    63 | D:1      | Reached XP level 2. HP: 24/31 MP: 2/2
   357 | D:1      | Reached XP level 3. HP: 18/37 MP: 3/3
  1116 | D:2      | Found a shimmering altar of Xom.
  1134 | D:2      | Noticed Jessica
  1147 | D:2      | Killed Jessica
  1147 | D:2      | Reached XP level 4. HP: 45/48 MP: 4/4
  1195 | D:2      | Reached skill level 11 in Maces & Flails
  1195 | D:2      | Reached XP level 5. HP: 25/54 MP: 5/5
  1200 | D:2      | Gained mutation: You tend to lose your temper in combat.
                  | [potion of mutation]
  1200 | D:2      | Gained mutation: Your natural rate of healing is unusually
                  | fast. [potion of mutation]
  1629 | D:3      | Found a glowing silver altar of Zin.
  1651 | D:3      | Reached skill level 1 in Stealth
  1712 | D:3      | Reached skill level 4 in Fighting
  1779 | D:3      | Reached XP level 6. HP: 61/62 MP: 6/6
  2357 | D:4      | Found a sacrificial altar of Ru.
  2665 | D:4      | Reached XP level 7. HP: 70/70 MP: 7/7
  3076 | D:5      | Entered Level 5 of the Dungeon
  3088 | D:5      | Reached skill level 1 in Evocations
  3551 | D:5      | Reached skill level 1 in Shields
  3882 | D:6      | Reached skill level 2 in Stealth
  3901 | D:6      | Reached XP level 8. HP: 74/79 MP: 8/8
  4037 | D:6      | Found a white marble altar of Elyvilon.
  4128 | D:6      | Reached skill level 5 in Fighting
  4279 | D:6      | HP: 8/80 [iguana (4)]
  4282 | D:6      | Slain by an iguana

Levels and vault maps discovered:
D:1:      lightli_molten_gateway, layout_basic
D:2:      layout_rooms, overflow_temple_1_default, uniq_jessica
D:3:      layout_rooms, lemuel_round_altar
D:4:      layout_loops_corners, hangedman_ru_absence, first_ration
D:5:      layout_basic, minmay_pentangle
D:6:      layout_cave_pods, minmay_temple_entry_gardened_gates, basic_altar

Skill      XL: |  1  2  3  4  5  6  7  8 |
---------------+-------------------------+-----
Fighting       | 3 4 5 |  5.2
Maces & Flails | 3 11 | 11.5
Stealth        | 1 2 |  2.0
Evocations     | 1 |  1.0
Shields        | 1 |  1.1
Throwing       | |  2.0
Dodging        | |  2.6

Action                   |  1- 3 |  4- 6 |  7- 9 || total
-------------------------+-------+-------+-------++-------
Melee: Flail             |   111 |   182 |    70 ||   363
       Giant club        |       |       |    49 ||    49
  Use: Scroll            |     2 |     2 |    11 ||    15
       Potion            |       |     4 |     2 ||     6
 Stab: Sleeping          |     2 |     2 |     2 ||     6
       Distracted        |       |     1 |       ||     1
  Eat: Chunk             |     1 |     4 |       ||     5
       Ration            |       |       |     2 ||     2
Armor: Robe              |    55 |    22 |    20 ||    97
Dodge: Dodged            |    65 |    61 |    60 ||   186
Block: Shield            |       |    12 |    25 ||    37

Table legend:
 A = Non-vault XP
 B = Vault XP
 C = Vault XP percentage of total XP
 D = Non-vault monster count
 E = Vault monster count
 F = Vault count percentage of total count
                 A         B        C        D         E       F
            +---------+---------+-------+---------+---------+-------
      Total |    1022 |     300 |  22.7 |     115 |       8 |   6.5
            +---------+---------+-------+---------+---------+-------
        D:1 |      49 |       0 |   0.0 |      27 |       0 |   0.0
        D:2 |      33 |      37 |  52.9 |      12 |       1 |   7.7
        D:3 |     143 |       0 |   0.0 |      30 |       0 |   0.0
        D:4 |     319 |       0 |   0.0 |      21 |       0 |   0.0
        D:5 |     182 |     263 |  59.1 |      14 |       7 |  33.3
        D:6 |     296 |       0 |   0.0 |      11 |       0 |   0.0
            +---------+---------+-------+---------+---------+-------
